 Dungeon Crawl Stone Soup version 0.31-a0-8-gd14b0f4ee2 (webtiles) character file.

Game seed: 6013427669008921850

277 Morbidden the Stinger (level 6, -16/30 HPs)
             Began as a Vine Stalker Venom Mage on May 6, 2023.
             Demolished by an orc
             ... wielding a +2 dagger of distortion
              (21 damage)
             ... on level 3 of the Dungeon.
             The game lasted 00:06:15 (4267 turns).

Morbidden the Stinger (Vine Stalker Venom Mage)     Turns: 4267, Time: 00:06:15

Health: -16/30     AC:  9    Str: 11    XL:     6   Next: 26%
Magic:  0/11       EV: 10    Int: 29    God:
Gold:   118        SH:  0    Dex: 14    Spells: 8/11 levels left

rFire   . . .        a - +2 dagger (holy)
rCold   . . .        (no shield)
rNeg    + . .        j - +1 ring mail {rN+}
rPois   .            l - +1 helmet
rElec   .            (no cloak)
rCorr   .            f - +0 pair of gloves
SInv    .            (no boots)
Will    .....        (no amulet)
Stlth   +            i - +6 ring of intelligence
HPRegen 1.05/turn    n - +6 ring of intelligence
MPRegen 0.12/turn

%: guardian spirit
@: very slightly contaminated
A: fangs 2, regeneration 1, magic shield, antimagic bite, no potion heal 2
a: no special abilities


You were on level 3 of the Dungeon.
You visited 1 branch of the dungeon, and saw 3 of its levels.

You collected 118 gold pieces.

Inventory:

Hand Weapons
 a - a +2 dagger of holy wrath (weapon)
 r - a +0 scimitar
Missiles
 t - 3 silver javelins
 u - 5 poisoned darts
 y - 5 boomerangs (quivered)
Armour
 f - a +0 pair of gloves (worn)
 j - a +1 ring mail of positive energy (worn)
 l - a +1 helmet (worn)
Jewellery
 i - a +6 ring of intelligence (left hand)
 n - a +6 ring of intelligence (right hand)
Wands
 p - a wand of acid (11)
 v - a wand of mindburst (11)
Scrolls
 d - a scroll of amnesia {unknown}
 m - 2 scrolls of enchant weapon {unknown}
 o - 2 scrolls of identify {unknown}
 x - a scroll of vulnerability {unknown}
Potions
 b - a potion of magic
 c - a potion of invisibility
 e - 3 potions of might {unknown}
 g - 2 potions of attraction {unknown}
 h - a potion of haste {unknown}
 k - 2 potions of lignification {unknown}
 q - 2 potions of curing {unknown}
 s - 2 potions of degeneration {unknown}
 w - a potion of heal wounds {unknown}


   Skills:
 * Level 1.9 Fighting
 * Level 1.1 Short Blades
 * Level 0.9 Armour
 * Level 2.0 Dodging
 + Level 2.4 Stealth
 * Level 3.1 Spellcasting
 * Level 2.4 Transmutations
 * Level 1.2 Air Magic
 * Level 4.3 Poison Magic


You had 8 spell levels left.
You knew the following spells:

 Your Spells              Type           Power      Damage    Failure   Level
a - Sting                 Tmut/Pois      96%        1d7       4%          1
b - Poisonous Vapours     Pois/Air       40%        N/A       9%          2

Your spell library contained the following spells:

 Spells                   Type           Power      Damage    Failure   Level
 Mephitic Cloud           Conj/Pois/Air  15%        N/A       26%         3
 Olgreb's Toxic Radiance  Pois           29%        N/A       30%         4
 Dazzling Flash           Conj/Hex       8%         N/A       50%         3
 Agony                    Necr           4%         N/A       99%         5
 Silence                  Hex/Air        4%         N/A       99%         5


Dungeon Overview and Level Annotations

Branches:
Dungeon (3/15)

Altars:


Innate Abilities, Weirdness & Mutations

You have extremely sharp teeth.
Your natural rate of healing is unusually fast.
When hurt, damage is shared between your health and your magic reserves.
Your bite disrupts and absorbs the magic of your enemies.
Potions cannot restore your health.


Message History

The orc shouts!
You hear a shout!
The orc shouts!
You hear a shout!
Unknown command.
Unknown command.
Casting: Sting (safe; 4% risk of failure)
Confirm with . or Enter, or press ? or * to list all spells.
Aiming: Poisonous Vapours (safe; 9% risk of failure)
Press: ? - help, Dir - move target, f - orc priest
Aim: an orc priest, wielding a +0 short sword (wandering, hasn't noticed you) Poisonous vapours surround the orc priest!
The orc priest is poisoned.
The orc priest shouts!
The orc shouts!
An orc comes into view. It is wielding a +0 flail.
Casting: Poisonous Vapours (safe; 9% risk of failure)
Confirm with . or Enter, or press ? or * to list all spells.
Aiming: Poisonous Vapours (safe; 9% risk of failure)
Press: ? - help, Dir - move target, f/p - orc priest
Aim: an orc priest, wielding a +0 short sword (poisoned) Poisonous vapours surround the orc priest!
The orc priest looks even sicker.
The orc priest looks encouraged for a moment.
Unknown command.
Casting: Poisonous Vapours (safe; 9% risk of failure)
Confirm with . or Enter, or press ? or * to list all spells.
Aiming: Poisonous Vapours (safe; 9% risk of failure)
Press: ? - help, Dir - move target, f/p - orc priest
Aim: an orc priest, wielding a +0 short sword (very poisoned)
You miscast Poisonous Vapours.
You are very lightly contaminated with residual magic.
Nothing appears to happen.
The orc hits you but does no damage. Space warps horribly around you!
Unknown command.
The orc priest looks braver for a moment.
The orc hits you with a +2 dagger of distortion.
Space warps horribly around you!!
Ouch! That really hurt!
* * * LOW HITPOINT WARNING * * *
The orc attacks as you move away! The orc hits you but does no damage.
Space warps horribly around you!!
Ouch! That really hurt!
You die...

#####.#.###
########.....#.###
#............#....
#.######.....#####
#.# #.....# #.#
##.##.# #.#
#.....# #.#
#..#### #@#
#..##.#
#o######..##.#
#..o.oo#.....#
######.##....#
.####### .# o# o#
.#


You could see an orc.

Vanquished Creatures
  A hound (D:3)
  A jelly (D:3)
  An orc priest (D:3)
  Terence (D:2)
  An orc wizard (D:3)
  Robin (D:2)
  4 adders
  2 worms (D:3)
  A dart slug (D:1)
  2 orcs
  6 endoplasms
  4 giant cockroaches (D:1)
  9 goblins
  12 hobgoblins
  2 jackals (D:2)
  4 kobolds
  4 quokkas
  5 ball pythons
  9 bats
  3 frilled lizards
  9 rats
82 creatures vanquished.

Notes
Turn   | Place    | Note
-------+----------+-------------------------------------------
     0 | D:1      | Morbidden the Vine Stalker Venom Mage began the quest for
                  | the Orb.
     0 | D:1      | Reached XP level 1. HP: 9/9 MP: 4/4
    94 | D:1      | Reached XP level 2. HP: 8/13 MP: 0/6
   344 | D:1      | Found a faded altar of an unknown god.
   485 | D:1      | Learned a level 2 spell: Poisonous Vapours
   637 | D:1      | Reached XP level 3. HP: 12/16 MP: 1/7
  1258 | D:2      | Noticed Terence
  1740 | D:2      | Noticed Robin
  1752 | D:2      | Killed Robin
  1848 | D:2      | Gained mutation: Your natural rate of healing is unusually
                  | fast. [Vine Stalker growth]
  1848 | D:2      | Reached XP level 4. HP: 21/21 MP: 9/9
  3007 | D:2      | Killed Terence
  3008 | D:2      | Reached skill level 1 in Fighting
  3171 | D:3      | Reached skill level 1 in Short Blades
  3171 | D:3      | Reached skill level 1 in Air Magic
  3171 | D:3      | Reached XP level 5. HP: 25/25 MP: 0/10
  3636 | D:3      | Reached skill level 4 in Poison Magic
  3636 | D:3      | Reached XP level 6. HP: 30/30 MP: 1/11
  4267 | D:3      | Demolished by an orc

Illustrated notes

Levels and vault maps discovered:
D:1:      denvon_arrival_waterhouse, layout_basic,
          hellmonk_ecumenical_altar_slurped_away, minmay_tetromino_l2
D:2:      layout_basic, minmay_misc_feat_tiny, amcnicky_mini_pool_small,
          uniq_robin, uniq_terence
D:3:      layout_basic, minmay_joined_circles

Skill      XL: |  1  2  3  4  5 |
---------------+----------------+-----
Fighting       | 1 |  1.9
Short Blades   | 1 |  1.1
Air Magic      | 1 |  1.2
Transmutations | 2 |  2.4
Dodging        | 2 |  2.0
Spellcasting   | 3 |  3.1
Poison Magic   | 4 |  4.3
Armour         | |  0.9
Stealth        | |  2.4

Action                     |  1- 3 |  4- 6 || total
---------------------------+-------+-------++-------
  Melee: Unarmed           |     9 |       ||     9
         Bite              |     9 |    12 ||    21
         Dagger            |    10 |    46 ||    56
         Punch             |       |     2 ||     2
  Throw: Javelin           |       |     3 ||     3
   Cast: Sting             |    61 |    47 ||   108
         Poisonous Vapours |    11 |    25 ||    36
   Stab: Sleeping          |       |     1 ||     1
 Armour: Robe              |     9 |       ||     9
         Ring mail         |     2 |    36 ||    38
  Dodge: Dodged            |    31 |    42 ||    73

Table legend: (Time is in decaauts)
 A = Elapsed time spent in this place.
 B = Non-inter-level travel time spent in this place.
 C = Inter-level travel time spent in this place.
 D = Time resting spent in this place.
 E = Time spent auto-exploring this place.
 F = Levels seen in this place.
 G = Mean time per level.
                   A        B        C        D        E       F      G
               +--------+--------+--------+--------+--------+-----+--------+
         Total |   4265 |   4024 |    241 |    134 |   3278 |   3 | 1421.7 |
       Dungeon |   4265 |   4024 |    241 |    134 |   3278 |   3 | 1421.7 |
               +--------+--------+--------+--------+--------+-----+--------+

Top non-repeatable levels by time:
     D:2: 2202 daAuts
     D:1: 1075 daAuts
     D:3: 987 daAuts
